 Dungeon Crawl Stone Soup version 0.25-a0-109-ge9c0e85935 (webtiles) character file.

Game seed: 8547245497499121475, levelgen mode: deterministic

524 vurker the Chopper (level 7, -5/56 HPs)
             Began as a Formicid Abyssal Knight on Nov 18, 2019.
             Was a Believer of Lugonu.
             Slain by an ogre
             ... wielding a +0 giant club
              (19 damage)
             ... on level 5 of the Dungeon.
             The game lasted 00:05:57 (5316 turns).

vurker the Chopper (Formicid Abyssal Knight)        Turns: 5316, Time: 00:05:58

Health: -5/56      AC:  6    Str: 18    XL:     7   Next: 46%
Magic:  10/10      EV: 14    Int: 12    God:    Lugonu [**....]
Gold:   241        SH:  0    Dex: 10    Spells: 6/6 levels left

rFire    . . .     SeeInvis +   a - +1 hand axe
rCold    . . .     Gourm    +   (no shield)
rNeg     . . .     Faith    .   p - +1 ring mail
rPois    .         Spirit   .   (helmet unavailable)
rElec    .         Reflect  .   (no cloak)
rCorr    .         Harm     .   (no gloves)
MR       .....                  (no boots)
Stlth    ..........             h - amulet of the gourmand
HPRegen  0.18/turn              n - +4 ring of evasion
MPRegen  0.12/turn              (no ring)

@: no status effects
A: permanent stasis, dig shafts and tunnels, four strong arms, antennae 3
a: Dig, Shaft Self, Depart the Abyss, Bend Space, Renounce Religion


You were on level 5 of the Dungeon.
You worshipped Lugonu.
Lugonu was pleased with you.
You were not hungry.

You visited 1 branch of the dungeon, and saw 5 of its levels.
You visited the Abyss 1 time.

You collected 241 gold pieces.

Inventory:

Hand Weapons
 a - a +1 hand axe (weapon)
Missiles
 m - 2 throwing nets (quivered)
Armour
 p - a +1 ring mail (worn)
   (You took it off an orc on level 3 of the Dungeon)
Jewellery
 h - an amulet of the gourmand (around neck)
   (You found it on level 4 of the Dungeon)
 n - a +4 ring of evasion (left hand)
   (You found it on level 2 of the Dungeon)
Wands
 t - a wand of flame (23)
   (You found it on level 3 of the Dungeon)
Scrolls
 f - a scroll of magic mapping
 g - 2 scrolls of enchant armour
 i - 2 scrolls of remove curse
Potions
 b - a potion of haste {unknown}
 c - a potion of resistance {unknown}
 d - 2 potions of brilliance
 j - 6 potions of curing
 k - a potion of magic
 o - a potion of mutation {unknown}
 q - a potion of flight
Comestibles
 e - 11 rations


   Skills:
 + Level 5.1 Fighting
 * Level 5.6 Axes
 - Level 2.1 Armour
 - Level 0.8 Dodging
 + Level 4.8 Invocations


You had 6 spell levels left.
You didn't know any spells.
Your spell library was empty.

Dungeon Overview and Level Annotations

Branches:
Dungeon (5/15)
 Temple: D:4-7

Altars:
Trog
Yredelemnul

Shops:
D:4 }


Innate Abilities, Weirdness & Mutations

You cannot be hasted, slowed, berserked, paralysed or teleported.
You can dig through walls and to a lower floor.
Your four strong arms can wield two-handed weapons with a shield.
You have a pair of large antennae on your head. (SInv)


Message History

You hit the worker ant but do no damage.
The worker ant bites you!
You are poisoned.
The worker ant poisons you!
You hit the worker ant but do no damage.
You feel sick.
The worker ant bites you but does no damage.
The worker ant misses you.
You hit the worker ant.
You feel sick. The worker ant bites you.
You hit the worker ant.
You feel sick. The worker ant barely misses you.
An ogre comes into view. It is wielding a -3 giant club.
You barely miss the worker ant.
You feel sick. The worker ant closely misses you.
The worker ant barely misses you.
You hit the worker ant.
You kill the worker ant!
Lugonu accepts your kill.
You feel sick. The hound skeleton bites you.
You feel sick. The hound skeleton barely misses you.
You feel sick.
You see here a leopard gecko skeleton.
You feel sick. The hound skeleton bites you.
You feel sick. The hound skeleton barely misses you.
There is a stone staircase leading up here.
The hound skeleton misses you.
The hound skeleton bites you but does no damage.
You climb upwards.
You feel sick.
There is a stone staircase leading down here.
You feel sick.
You feel sick.
You are no longer poisoned.
You see here a +0 giant club.
There is a stone staircase leading down here.
You start resting.
You climb downwards.
There is a stone staircase leading up here.
Found a scroll of magic mapping.
An ogre comes into view. It is wielding a +0 giant club.
You hit the ogre. The ogre closely misses you.
You hit the ogre.
The ogre hits you with a +0 giant club!!
You hit the ogre. The ogre barely misses you.
You barely miss the ogre. You slash the ogre!
The ogre hits you with a +0 giant club!!
* * * LOW HITPOINT WARNING * * *
You barely miss the ogre. The ogre misses you.
You hit the ogre.
The ogre hits you with a +0 giant club!!
You die...

..## { .... {
#... { { ..#
{ .?# #.# #O#
#@# #.# #.##
#..# ##.# #.#
#.##{# #.#
#.##.# #.#
########.##.#
#.#


You could see an ogre.

Vanquished Creatures
  An ogre (D:4)
  A bullfrog skeleton (D:4)
  2 orc priests (D:4)
  A hound (D:4)
  2 orc wizards (D:3)
  A centaur skeleton (D:4)
  2 worker ants
  9 adders
  2 oozes (D:1)
  4 adder skeletons (D:4)
  2 worms
  A leopard gecko (D:5)
  16 orcs
  A ball python (D:3)
  4 giant cockroaches
  8 goblins
  A hobgoblin (D:3)
  2 jackals (D:3)
  3 quokkas
  7 bats
  3 frilled lizards
  4 kobolds
  8 rats
85 creatures vanquished.

Notes
Turn   | Place    | Note
-------+----------+-------------------------------------------
     0 | Abyss:1  | vurker the Formicid Abyssal Knight began the quest for the
                  | Orb.
     0 | Abyss:1  | Reached XP level 1. HP: 18/18 MP: 2/2
    44 | D:1      | Escaped the Abyss
   167 | D:1      | Reached XP level 2. HP: 21/24 MP: 3/3
   454 | D:1      | Reached XP level 3. HP: 26/29 MP: 4/4
  1438 | D:2      | Reached XP level 4. HP: 20/37 MP: 6/6
  2245 | D:3      | Reached ** piety under Lugonu
  2570 | D:3      | Reached XP level 5. HP: 41/42 MP: 7/7
  3043 | D:3      | Found a bloodstained altar of Trog.
  3043 | D:3      | Found a basalt altar of Yredelemnul.
  3357 | D:4      | Reached XP level 6. HP: 17/49 MP: 8/8
  3906 | D:4      | Noticed an ogre
  3917 | D:4      | Killed an ogre
  3917 | D:4      | Reached skill level 5 in Axes
  3917 | D:4      | Reached XP level 7. HP: 19/55 MP: 10/10
  4300 | D:4      | Found Doorim's Gadget Emporium.
  4320 | D:4      | Reached skill level 5 in Fighting
  5059 | D:5      | Entered Level 5 of the Dungeon
  5316 | D:5      | Slain by an ogre

Levels and vault maps discovered:
D:1:      mrwooster_arrival_arrow, layout_loops_ring
D:2:      layout_loops_corners
D:3:      layout_basic, gammafunk_temple_overflow_wave
D:4:      layout_basic, serial_shops, nicolae_shop_crystal
D:5:      layout_loops_ring, minmay_temple_entry_stoned_glass, first_ration,
          kennysheep_decorative_pillar, nzn_random_ring

Skill      XL: |  1  2  3  4  5  6  7 |
---------------+----------------------+-----
Axes           | 3 4 5 |  5.6
Invocations    | 3 4 |  4.8
Fighting       | 4 5 |  5.1
Armour         | |  2.1
Dodging        | |  0.8

Action                   |  1- 3 |  4- 6 |  7- 9 || total
-------------------------+-------+-------+-------++-------
Melee: Hand axe          |    68 |   171 |    84 ||   323
  Use: Scroll            |       |    13 |     1 ||    14
  Eat: Chunk             |     1 |     5 |     8 ||    14
       Ration            |       |     1 |       ||     1
Armor: Leather armour    |    19 |    21 |       ||    40
       Ring mail         |       |    27 |    26 ||    53
Dodge: Dodged            |    53 |   148 |    66 ||   267

Table legend:
 A = Non-vault XP
 B = Vault XP
 C = Vault XP percentage of total XP
 D = Non-vault monster count
 E = Vault monster count
 F = Vault count percentage of total count
                 A         B        C        D         E       F
            +---------+---------+-------+---------+---------+-------
      Total |     712 |      37 |   4.9 |      83 |       2 |   2.4
            +---------+---------+-------+---------+---------+-------
        D:1 |      35 |       0 |   0.0 |      17 |       0 |   0.0
        D:2 |      67 |       0 |   0.0 |      13 |       0 |   0.0
        D:3 |     145 |       0 |   0.0 |      27 |       0 |   0.0
        D:4 |     452 |       0 |   0.0 |      25 |       0 |   0.0
        D:5 |      13 |      37 |  74.0 |       1 |       2 |  66.7
            +---------+---------+-------+---------+---------+-------
